 Dungeon Crawl Stone Soup version 0.31-a0-133-gaae73658be (webtiles) character file.

Game seed: 5271547053120535799

363 Danienth the Magician (level 6, -22/43 HPs)
             Began as a Demonspawn Hedge Wizard on June 3, 2023.
             Annihilated by an ogre
             ... wielding a +0 giant club
              (28 damage)
             ... on level 3 of the Dungeon.
             The game lasted 00:25:50 (3372 turns).

Danienth the Magician (Demonspawn Hedge Wizard)     Turns: 3372, Time: 00:25:51

Health: -22/43     AC:  6    Str: 12    XL:     6   Next: 39%
Magic:  0/12       EV: 12    Int: 15    God:
Gold:   98         SH:  0    Dex: 13    Spells: 6/13 levels left

rFire   . . .        f - +0 scythe (freeze)
rCold   . . .        (shield currently unavailable)
rNeg    . . .        b - +0 robe
rPois   .            c - +0 hat
rElec   .            k - +0 cloak
rCorr   .            e - +2 pair of gloves
SInv    .            (no boots)
Will    .....        (no amulet)
Stlth   ++           (no ring)
HPRegen 0.27/turn    (no ring)
MPRegen 0.26/turn

%: guardian spirit
@: very slightly contaminated
A: magic shield, magic regeneration, demonic touch 2
a: no special abilities


You were on level 3 of the Dungeon.
You visited 1 branch of the dungeon, and saw 4 of its levels.

You collected 98 gold pieces.

Inventory:

Hand Weapons
 a - a +0 dagger
 f - a +0 scythe of freezing (weapon)
 g - a +4 quarterstaff of chaos
Missiles
 d - 5 poisoned darts
Armour
 b - a +0 robe (worn)
 c - a +0 hat (worn)
 e - a +2 pair of gloves (worn)
 k - a +0 cloak (worn)
Wands
 m - a wand of quicksilver (10)
Scrolls
 h - a scroll of noise
Potions
 j - a potion of magic


   Skills:
 * Level 1.3 Fighting
 - Level 1.5 Short Blades
 * Level 0.1 Polearms
 + Level 1.0 Throwing
 + Level 1.2 Armour
 * Level 2.3 Dodging
 * Level 2.8 Stealth
 * Level 4.2 Spellcasting
 + Level 2.0 Conjurations
 + Level 1.3 Hexes
 + Level 1.6 Summonings
 + Level 1.4 Translocations


You had 6 spell levels left.
You knew the following spells:

 Your Spells              Type           Power      Damage    Failure   Level
a - Magic Dart            Conj           36%        1d4       8%          1
b - Slow                  Hex            28%        N/A       11%         1
c - Summon Small Mammal   Summ           32%        N/A       9%          1
d - Apportation           Tloc           14%        N/A       10%         1
e - Necrotise             Necr           12%        1d4       17%         1
f - Call Imp              Summ           16%        N/A       14%         2

Your spell library contained the following spells:

 Spells                   Type           Power      Damage    Failure   Level
 Blink                    Tloc           14%        N/A       14%         2
 Cigotuvi's Dreadful Rot  Necr/Pois/Air  6%         N/A       26%         2
 Gell's Gravitas          Tloc           7%         N/A       28%         3
 Teleport Other           Tloc           7%         N/A       28%         3
 Mephitic Cloud           Conj/Pois/Air  5%         N/A       38%         3
 Dispersal                Tloc           3%         N/A       100%        6


Dungeon Overview and Level Annotations

Branches:
Dungeon (4/15)
 Temple: D:4-7

Altars:
Okawaru

Annotations:
D:4 Robin


Innate Abilities, Weirdness & Mutations

When hurt, damage is shared between your health and your magic reserves.
You regenerate magic rapidly.
Your touch may inflict irresistible damage on your foes.


Message History

Casting: Magic Dart (safe; 8% risk of failure)
Confirm with . or Enter, or press ? or * to list all spells.
Aiming: Magic Dart (safe; 8% risk of failure)
Press: ? - help, Shift-Dir - straight line, f/p - ogre
Aim: an ogre, wielding a +0 giant club (moderately wounded, 100% to hit)
The magic dart hits the ogre.
The ogre is heavily wounded.
Casting: Magic Dart (safe; 8% risk of failure)
Confirm with . or Enter, or press ? or * to list all spells.
Aiming: Magic Dart (safe; 8% risk of failure)
Press: ? - help, Shift-Dir - straight line, f/p - ogre
Aim: an ogre, wielding a +0 giant club (moderately wounded, 100% to hit)
You miscast Magic Dart.
You are very lightly contaminated with residual magic.
Nothing appears to happen.
Casting: Magic Dart (safe; 8% risk of failure)
Confirm with . or Enter, or press ? or * to list all spells.
Aiming: Magic Dart (safe; 8% risk of failure)
Press: ? - help, Shift-Dir - straight line, f/p - ogre
Aim: an ogre, wielding a +0 giant club (moderately wounded, 100% to hit)
The magic dart hits the ogre.
The ogre is heavily wounded.
Casting: Magic Dart (safe; 8% risk of failure)
Confirm with . or Enter, or press ? or * to list all spells.
Aiming: Magic Dart (safe; 8% risk of failure)
Press: ? - help, Shift-Dir - straight line, f/p - ogre
Aim: an ogre, wielding a +0 giant club (heavily wounded, 100% to hit)
The magic dart hits the ogre.
The ogre is heavily wounded.
The ogre hits you with a +0 giant club!
* * * LOW HITPOINT WARNING * * *
You are too injured to fight recklessly!
Reach: f) +0 scythe (freeze)
Press: ? - help, Dir - move target, f/p - ogre
Aim: an ogre, wielding a +0 giant club (heavily wounded, about 35% to evade your +0 scythe of freezing)
You slash the ogre! You freeze the ogre.
The ogre is almost dead.
The ogre hits you with a +0 giant club!!
Ouch! That really hurt!
You die...

.P♣♣♣♣P..# #.#
##.# ♣P.♣ ♣♣♣
♣♣♣.# #.### #.##
♣P.. ..♣♣♣♣.P.#
#...# ##.# ♣P.♣
♣PP♣♣P.P.# #..##
#.## ♣..♣
♣.♣.♣♣.P######..##
##'## ♣...
.....P..###..(...#
#...# ♣♣.♣
.>.PPP..........##
#...# ##♣♣.♣
.....######.##..##
#)..# #..#..
.<...# #.##.O@#
##### ##....
.....######.###)##
###.#.
............# #.)#
#.....
....######### ####
###.#. ...## #...
#### ###. ##


You could see an ogre.

Vanquished Creatures
  Sigmund (D:2)
  Crazy Yiuf (D:3)
  Jessica (D:2)
  Terence (D:2)
  Natasha (D:2)
  3 adders
  2 worms
  A dart slug (D:2)
  An orc (D:3)
  7 ball pythons
  9 bats
  5 endoplasms
  5 giant cockroaches
  3 hobgoblins
  2 jackals (D:3)
  2 quokkas
  10 goblins
  5 kobolds
  6 rats
66 creatures vanquished.

Notes
Turn   | Place    | Note
-------+----------+-------------------------------------------
     0 | D:1      | Danienth the Demonspawn Hedge Wizard began the quest for
                  | the Orb.
     0 | D:1      | Reached XP level 1. HP: 13/13 MP: 4/4
   200 | D:1      | Gained mutation: You regenerate magic rapidly. [demonic
                  | ancestry]
   200 | D:1      | Reached XP level 2. HP: 7/19 MP: 0/6
   710 | D:1      | Found Xikealul's Antique Armour Shop.
   944 | D:2      | Gained mutation: When hurt, damage is shared between your
                  | health and your magic reserves. [demonic ancestry]
   944 | D:2      | Reached XP level 3. HP: 24/24 MP: 2/7
   962 | D:2      | Learned a level 1 spell: Slow
  1113 | D:2      | Noticed Jessica
  1186 | D:2      | Killed Jessica
  1187 | D:2      | Reached skill level 1 in Translocations
  1187 | D:2      | Gained mutation: Your touch may inflict minor irresistible
                  | damage on your foes. [demonic ancestry]
  1187 | D:2      | Reached XP level 4. HP: 31/31 MP: 7/9
  1279 | D:2      | Reached skill level 1 in Short Blades
  1282 | D:2      | Noticed Natasha
  1298 | D:2      | Killed Natasha
  1400 | D:2      | Learned a level 1 spell: Summon Small Mammal
  1402 | D:2      | Learned a level 1 spell: Apportation
  1404 | D:2      | Learned a level 1 spell: Necrotise
  1407 | D:2      | Learned a level 2 spell: Call Imp
  1420 | D:2      | Noticed Natasha
  1468 | D:2      | Noticed Terence
  1477 | D:2      | Killed Terence
  1508 | D:2      | Noticed Sigmund
  1518 | D:2      | Killed Sigmund
  1519 | D:2      | Reached skill level 1 in Fighting
  1519 | D:2      | Reached skill level 1 in Throwing
  1519 | D:2      | Reached skill level 1 in Armour
  1519 | D:2      | Reached skill level 4 in Spellcasting
  1519 | D:2      | Reached XP level 5. HP: 20/37 MP: 5/11
  1519 | D:2      | Gained mutation: Your touch may inflict irresistible damage
                  | on your foes. [demonic ancestry]
  1519 | D:2      | Reached XP level 6. HP: 23/43 MP: 5/12
  1850 | D:2      | Reached skill level 1 in Hexes
  2360 | D:3      | Found an iron altar of Okawaru.
  2778 | D:3      | Found a runed translucent door.
  2779 | D:3      | Noticed Crazy Yiuf
  3192 | D:3      | Killed Crazy Yiuf
  3340 | D:4      | Noticed Robin
  3372 | D:3      | Annihilated by an ogre

Illustrated notes

Levels and vault maps discovered:
D:1:      saegor_arrival_simple_a, layout_loops_ring, serial_shops, shop
D:2:      layout_loops_ring, minmay_tripent, uniq_jessica, uniq_natasha,
          uniq_sigmund, uniq_terence
D:3:      layout_loops_ring, elyvilon_altar_3, okawaru_trees_2, serial_forest,
          infiniplex_forest_lined_room_3, infiniplex_forest_straight_5,
          infiniplex_forest_straight_2, infiniplex_forest_clump_curved,
          infiniplex_forest_lined_2, infiniplex_forest_lined_3,
          infiniplex_forest_straight_3, infiniplex_forest_lined_1,
          infiniplex_forest_clump_large, infiniplex_forest_zigzag_1,
          uniq_crazy_yiuf_cottage
D:4:      layout_layer_cave, eat_drink_and_be_merry_uskayaw,
          kennysheep_generic_room_15, uniq_robin

Skill      XL: |  1  2  3  4  5  6 |
---------------+-------------------+-----
Stealth        | 2 |  2.8
Dodging        | 2 |  2.3
Translocations | 1 |  1.4
Short Blades   | 1 |  1.5
Fighting       | 1 |  1.3
Throwing       | 1 |  1.0
Armour         | 1 |  1.2
Spellcasting   | 4 |  4.2
Conjurations   | 2 |  2.0
Hexes          | 1 |  1.3
Polearms       | |  0.1
Summonings     | |  1.6

Action                     |  1- 3 |  4- 6 || total
---------------------------+-------+-------++-------
  Melee: Dagger            |   108 |    33 ||   141
         Punch             |     1 |       ||     1
         Touch             |       |    10 ||    10
         Halberd           |       |    49 ||    49
   Cast: Magic Dart        |    60 |    61 ||   121
         Slow              |     1 |    13 ||    14
         Summon Small Mamm |       |     1 ||     1
         Call Imp          |       |     1 ||     1
         Necrotise         |       |     5 ||     5
    Use: Potion            |     3 |       ||     3
         Scroll            |     1 |     6 ||     7
   Stab: Sleeping          |     2 |     4 ||     6
 Armour: Robe              |    54 |    45 ||    99
  Dodge: Dodged            |    81 |   108 ||   189

Table legend: (Time is in decaauts)
 A = Elapsed time spent in this place.
 B = Non-inter-level travel time spent in this place.
 C = Inter-level travel time spent in this place.
 D = Time resting spent in this place.
 E = Time spent auto-exploring this place.
 F = Levels seen in this place.
 G = Mean time per level.
                   A        B        C        D        E       F      G
               +--------+--------+--------+--------+--------+-----+--------+
         Total |   3395 |   3254 |    141 |    574 |   2091 |   4 |  848.8 |
       Dungeon |   3395 |   3254 |    141 |    574 |   2091 |   4 |  848.8 |
               +--------+--------+--------+--------+--------+-----+--------+

Top non-repeatable levels by time:
     D:3: 1348 daAuts
     D:2: 1124 daAuts
     D:1: 919 daAuts
     D:4: 2 daAuts
